cohdb
Replays
Latest Replays
All Replays
Popular Replays
Top Player Replays
Match Explorer
How It Works
Community
CoH3 Stats
Reddit
Sign in to upload your games and track your stats! →
Sign in with Steam
Match 27699445
Unlisted
Match 27699445
Overview
Messages
Build Orders
End
Construct Infanterie Kompanie
Selects Luftwaffe Battlegroup
Selects Luftwaffe Pioneer Support
Fallschirmpioneer Squad Paradrop
MG 42 Machine Gun Team
Fallschirmpioneer Squad Paradrop
GrW 34 Mortar Team
Construct Panzergrenadier Kompanie
Selects Reconnaissance Run
Selects Fallschirmjäger Squad Paradrop
Fallschirmjäger Squad Paradrop
Construct Panzer Kompanie
Fallschirmjäger Squad Paradrop
Selects Fragmentation Bombs
Sturmpanzer IV Brummbär
Side Skirts
Pioneer Squad
Fragmentation Bombs
redfox
Stalen
Kampf_Schwein
hektar
sarex
seb
dinamix.fr
DocMayou
0
0
Comments
sign in to comment!
No comments posted yet!